Map: Jagannatha LE

Players

PiLiPiLi - Winner!

  • Race: Protoss Protoss
  • League: Grandmaster
  • Spawn Location: 7:00

Namshar

  • Race: Zerg Zerg
  • League: Grandmaster
  • Spawn Location: 1:00

VOD

Have the link to the VOD?

Description

Time

  • Played on: Nov. 15, 2020, 2:05 a.m.
  • Length: 8:00
Show
View Real Time Build Order
Export as new Build Order

PiLiPiLi Protoss - Winner!

Build Orders: 1 Gate Expand 

Get SALT Encoding   

  12  0:02  Probe  
  13  0:14  Probe  
  14  0:22  Pylon  
  14  0:26  Probe  
  15  0:40  Probe (Chrono Boost)  
  15  0:41  Gateway  
  16  0:49  Assimilator, Probe (Chrono Boost)  
  17  0:54  Probe (Chrono Boost)  
  18  1:06  Probe  
  19  1:18  Probe  
  20  1:25  Nexus  
  20  1:34  Cybernetics Core  
  20  1:37  Probe  
  21  1:45  Assimilator  
  21  1:49  Probe  
  21  1:54  Pylon  
  22  2:01  Probe  
  23  2:09  Stalker (Chrono Boost)  
  23  2:12  Warp Gate  
  23  2:15  Probe  
  26  2:26  Twilight Council  
  26  2:27  Probe  
  26  2:29  Adept (Chrono Boost)  
  28  2:38  Probe  
  28  2:39  Probe  
  30  2:50  Robotics Facility, Probe  
  31  2:53  Probe  
  32  3:02  Probe  
  32  3:04  Resonating Glaives (Chrono Boost)  
  33  3:13  Gateway  
  33  3:15  Gateway  
  34  3:24  Adept  
  37  3:28  Gateway  
  37  3:31  Probe x2  
  37  3:38  Warp Prism (Chrono Boost)  
  37  3:47  Shield Battery  
  37  3:48  Probe  
  41  3:58  Pylon  
  40  4:03  Adept, Pylon  
  40  4:07  Adept  
  44  4:10  Adept  
  44  4:16  Observer  
  47  4:17  Probe, Pylon  
  47  4:18  Probe  
  47  4:21  Pylon  
  49  4:27  Adept x3  
  49  4:31  Adept  
  57  4:46  Probe x2  
  51  4:58  Probe x2  
  49  5:00  Adept x4  
  49  5:03  Assimilator  
  55  5:10  Probe x2  
  53  5:15  Immortal (Chrono Boost)  
  57  5:32  Adept x4  
  57  5:34  Probe  
  66  5:37  Gateway x2  
  66  5:41  Gateway  
  66  5:42  Gateway  
  66  5:58  Immortal (Chrono Boost)  
  70  6:04  Pylon  
  70  6:05  Pylon  
  70  6:13  Pylon  
  70  6:16  Pylon  
  70  6:17  Pylon  
  70  6:23  Adept x2  
  70  6:24  Adept x2  
  78  6:26  Pylon  
  78  6:35  Observer  
  78  6:48  Adept x7  
  78  6:50  Adept  
  94  7:15  Adept x8  
  86  7:40  Adept x6  
  86  7:41  Adept  
Show
View Real Time Build Order
Export as new Build Order

Namshar Zerg 

Build Orders: Hatch First 

Get SALT Encoding   

  12  0:00  Drone  
  13  0:12  Overlord  
  13  0:17  Drone  
  14  0:30  Drone x2  
  16  0:47  Hatchery  
  15  0:51  Drone  
  15  0:55  Drone  
  17  0:58  Drone  
  18  1:09  Extractor  
  17  1:13  Spawning Pool  
  17  1:17  Drone  
  17  1:20  Drone  
  18  1:27  Drone  
  19  1:38  Drone  
  20  1:49  Overlord  
  20  1:59  Queen  
  20  2:00  Zergling x2, Queen  
  20  2:01  Zergling x2  
  26  2:10  Drone  
  26  2:11  Drone  
  26  2:12  Metabolic Boost  
  28  2:22  Drone x2  
  30  2:31  Drone  
  30  2:32  Drone  
  32  2:39  Hatchery  
  32  2:43  Drone x2  
  33  2:52  Queen  
  33  2:54  Overlord  
  35  3:05  Drone x2  
  35  3:10  Overlord  
  35  3:12  Drone x5  
  41  3:15  Zergling x2  
  42  3:20  Overlord  
  42  3:22  Drone  
  43  3:29  Queen  
  43  3:32  Spore Crawler, Drone  
  45  3:34  Queen  
  47  3:43  Drone  
  47  3:44  Drone x4  
  47  3:48  Zergling x2  
  53  4:00  Drone  
  53  4:01  Drone  
  55  4:05  Overlord x2  
  55  4:07  Drone  
  55  4:08  Roach Warren  
  57  4:10  Zergling x2  
  57  4:12  Zergling x2  
  57  4:13  Zergling x2  
  57  4:17  Zergling x6  
  60  4:20  Zergling x6  
  60  4:21  Spine Crawler  
  62  4:25  Zergling x4  
  62  4:28  Queen  
  62  4:30  Zergling x2  
  67  4:35  Zergling x2  
  67  4:36  Zergling x2  
  65  4:46  Zergling x10  
  65  4:50  Zergling x2  
  54  5:00  Zergling x14  
  55  5:08  Drone x2  
  55  5:14  Drone  
  56  5:17  Extractor  
  54  5:32  Drone  
  54  5:33  Drone x5  
  59  5:36  Drone x4  
  63  5:43  Overlord  
  63  5:44  Overlord  
  63  5:47  Roach x3  
  69  5:56  Extractor x2  
  64  6:00  Roach x6  
  76  6:09  Drone x3  
  76  6:11  Drone x3  
  80  6:15  Roach  
  84  6:22  Roach x3  
  89  6:30  Ravager  
  89  6:32  Overlord x2  
  89  6:40  Roach x4  
  89  6:45  Overlord x2  
  96  6:54  Ravager  
  96  6:55  Ravager  
  96  6:57  Roach x4  
  106  7:04  Roach  
  106  7:05  Roach x2  
  110  7:15  Roach x4  
  113  7:20  Roach x2  
  105  7:26  Roach x2  
  95  7:30  Roach x2  
  95  7:34  Zergling x2, Roach  
Tags
 
Add a new tag
Caveats
  • Supply blocks, unpowered buildings, or Contaminate may cause inaccurate times.
  • Supply counts are checked every 10 seconds.